Map: 莱瑞拉克之冠

Players

welldone

  • Race: Zerg Zerg

Quail - Winner!

  • Race: Protoss Protoss
  • League: Diamond

VOD

Have the link to the VOD?

Description

Time

  • Played on: Dec. 5, 2015, 8:38 a.m.
  • Length: 11:57
Show
View Real Time Build Order
Export as new Build Order

welldone Zerg 

Build Orders: Hatch First, Lurkers 

Get SALT Encoding   

  12  0:02  Drone  
  13  0:12  Overlord  
  13  0:17  Drone  
  14  0:32  Drone x2  
  14  0:35  Drone  
  17  0:54  Hatchery  
  16  1:00  Drone  
  16  1:01  Drone  
  18  1:10  Drone  
  19  1:14  Extractor  
  18  1:19  Spawning Pool  
  18  1:23  Drone  
  18  1:30  Drone  
  19  2:06  Queen  
  19  2:08  Zergling x6  
  22  2:09  Queen  
  22  2:12  Overlord  
  26  2:16  Metabolic Boost  
  26  2:21  Drone x2  
  28  2:39  Drone  
  28  2:40  Drone x2  
  31  2:50  Drone x2  
  33  3:03  Zergling x2  
  34  3:08  Drone x2  
  35  3:29  Drone  
  35  3:30  Overlord x2  
  36  3:50  Drone  
  36  3:51  Drone x5  
  36  3:55  Hatchery  
  40  4:05  Overlord  
  40  4:06  Drone x4  
  43  4:23  Extractor  
  43  4:24  Extractor  
  41  4:28  Drone x2  
  41  4:30  Lair  
  43  4:31  Hatchery  
  43  4:33  Extractor  
  41  4:42  Drone x3  
  41  4:44  Queen  
  46  4:51  Drone x3  
  49  5:09  Drone x2  
  49  5:14  Drone  
  52  5:15  Zergling x12  
  58  5:25  Overlord x2  
  57  5:35  Queen  
  47  5:52  Queen  
  47  5:53  Zergling x2  
  47  5:54  Zergling x26  
  58  6:00  Spore Crawler  
  54  6:15  Drone  
  54  6:16  Drone x8  
  63  6:24  Drone x7, Hydralisk Den  
  63  6:25  Drone  
  56  6:40  Drone x2, Queen  
  60  6:47  Drone x2  
  60  6:48  Spire  
  60  6:51  Drone x3  
  64  6:56  Muscular Augments  
  64  7:19  Drone x3  
  64  7:22  Hydralisk x5  
  69  7:23  Hydralisk  
  79  7:37  Overlord x3  
  79  7:42  Extractor  
  79  7:43  Drone, Extractor  
  79  7:44  Drone  
  79  8:03  Hydralisk  
  79  8:04  Hydralisk x11  
  103  8:09  Lurker Den  
  103  8:35  Overlord x3  
  103  8:42  Overlord  
  103  8:54  Drone x5  
  103  8:55  Drone x2  
  110  8:56  Hydralisk  
  110  8:57  Hydralisk x7  
  110  8:59  Overlord  
  110  9:00  Overlord x2  
  126  9:21  Hatchery  
  115  9:45  Spine Crawler  
  113  9:48  Hydralisk x7  
  113  9:49  Hydralisk x3  
  113  9:51  Zergling x12  
  139  10:04  Lurker x3  
  139  10:05  Lurker x2  
  144  10:09  Zergling x12  
  144  10:12  Overlord  
  150  10:19  Overseer  
  130  10:48  Hydralisk x5  
  130  10:49  Hydralisk x6  
  112  11:03  Zergling x10  
  112  11:04  Zergling x8  
  111  11:17  Hydralisk x4  
  102  11:30  Zergling x2  
  102  11:31  Zergling x16  
  93  11:39  Overlord  
  80  11:40  Drone x2  
Show
View Real Time Build Order
Export as new Build Order

Quail Protoss - Winner!

Build Orders: 1 Gate Expand 

Get SALT Encoding   

  12  0:01  Probe (Chrono Boost)  
  13  0:11  Probe (Chrono Boost)  
  14  0:18  Pylon  
  14  0:22  Probe (Chrono Boost)  
  15  0:36  Probe (Chrono Boost)  
  15  0:39  Gateway  
  16  0:46  Probe (Chrono Boost)  
  16  0:47  Assimilator  
  17  0:57  Probe (Chrono Boost)  
  18  1:08  Probe (Chrono Boost)  
  20  1:18  Probe (Chrono Boost)  
  20  1:26  Nexus  
  20  1:30  Probe (Chrono Boost)  
  21  1:41  Cybernetics Core  
  21  1:43  Probe (Chrono Boost)  
  22  1:56  Pylon  
  22  1:58  Assimilator  
  22  2:00  Probe (Chrono Boost)  
  23  2:15  Probe (Chrono Boost)  
  24  2:19  Adept  
  26  2:25  Probe (Chrono Boost)  
  27  2:36  Probe (Chrono Boost), Gateway  
  28  2:41  Robotics Facility  
  28  2:43  Probe (Chrono Boost)  
  29  2:46  Probe (Chrono Boost)  
  30  2:53  Probe (Chrono Boost)  
  30  2:56  Sentry  
  30  2:57  Probe (Chrono Boost)  
  34  2:58  Warp Gate (Chrono Boost)  
  34  3:04  Probe (Chrono Boost)  
  35  3:08  Mothership Core (Chrono Boost)  
  35  3:12  Pylon  
  37  3:27  Probe (Chrono Boost)  
  37  3:28  Probe (Chrono Boost)  
  37  3:30  Observer (Chrono Boost)  
  37  3:32  Adept  
  42  3:37  Probe  
  42  3:40  Probe, Pylon  
  44  3:47  Stalker  
  44  3:48  Probe  
  46  3:49  Warp Prism (Chrono Boost)  
  49  3:58  Probe x2  
  49  4:02  Pylon  
  51  4:05  Assimilator  
  51  4:09  Probe  
  51  4:10  Probe  
  51  4:11  Assimilator  
  53  4:18  Adept  
  53  4:20  Stalker  
  53  4:23  Probe  
  56  4:30  Probe  
  57  4:32  Gateway  
  57  4:33  Pylon  
  57  4:34  Immortal  
  57  4:35  Probe  
  61  4:47  Pylon  
  61  4:49  Probe (Chrono Boost)  
  61  4:51  Probe (Chrono Boost)  
  63  4:58  Pylon  
  63  5:01  Gateway  
  63  5:02  Probe x2 (Chrono Boost)  
  65  5:07  Adept x2  
  70  5:14  Probe (Chrono Boost)  
  70  5:16  Robotics Bay  
  70  5:19  Immortal  
  74  5:22  Probe (Chrono Boost)  
  74  5:26  Probe (Chrono Boost)  
  76  5:31  Adept x2  
  76  5:32  Adept  
  82  5:47  Probe (Chrono Boost)  
  82  5:49  Probe (Chrono Boost)  
  84  5:53  Adept  
  82  6:04  Probe x2 (Chrono Boost)  
  82  6:06  Disruptor (Chrono Boost), Pylon  
  82  6:09  Adept x2  
  85  6:15  Probe, Pylon  
  85  6:16  Pylon  
  86  6:21  Nexus  
  86  6:24  Probe, Pylon  
  86  6:26  Pylon  
  86  6:28  Pylon  
  86  6:29  Adept x2  
  90  6:36  Adept x2  
  90  6:38  Probe  
  91  6:50  Disruptor (Chrono Boost)  
  94  6:57  Forge  
  94  7:02  Stalker x4  
  102  7:11  Pylon  
  102  7:14  Pylon  
  102  7:23  Disruptor (Chrono Boost)  
  102  7:26  Adept x3  
  111  7:31  Gateway  
  111  7:33  Gateway  
  111  7:34  Probe x2  
  113  7:47  Gravitic Drive  
  113  7:49  Stalker x2  
  113  7:50  Stalker  
  119  7:58  Disruptor (Chrono Boost)  
  122  8:04  Adept  
  124  8:13  Adept x3  
  124  8:17  Photon Cannon  
  130  8:25  Adept  
  132  8:28  Probe x3  
  135  8:40  Colossus (Chrono Boost), Probe  
  142  8:44  Gateway  
  142  8:45  Gateway  
  142  8:49  Twilight Council  
  142  8:55  Adept x2  
  146  8:59  Protoss Ground Weapons Level 1  
  146  9:04  Forge  
  146  9:07  Assimilator  
  146  9:09  Pylon  
  146  9:10  Photon Cannon  
  146  9:11  Photon Cannon  
  146  9:13  Adept  
  146  9:14  Adept x2  
  146  9:15  Assimilator  
  152  9:19  Adept  
  152  9:20  Adept  
  162  9:31  Colossus (Chrono Boost)  
  162  9:33  Probe  
  162  9:35  Probe x2  
  157  9:39  Protoss Ground Armor Level 1  
  151  9:47  Adept x4  
  151  9:48  Adept  
  151  9:51  Resonating Glaives  
  161  9:54  Templar Archives  
  161  9:55  Pylon  
  161  10:02  Adept x3  
  167  10:12  Pylon  
  167  10:13  Pylon  
  167  10:18  Observer (Chrono Boost)  
  166  10:34  Adept x5  
  166  10:35  Adept  
  176  10:36  Disruptor (Chrono Boost)  
  157  10:58  Adept x7  
  157  10:59  Adept  
  171  11:07  Disruptor (Chrono Boost)  
  170  11:15  Probe x2  
  151  11:36  Adept  
  151  11:37  Adept x7  
Tags
 
Add a new tag
Caveats
  • Supply blocks, unpowered buildings, or Contaminate may cause inaccurate times.
  • Supply counts are checked every 10 seconds.